 Dungeon Crawl Stone Soup version 0.28-a0-695-gff097466f2 (webtiles) character file.

Game seed: 17885390665908162601

26 kae the Ruffian (level 2, -2/23 HPs)
             Began as a Draconian Transmuter on Oct 22, 2021.
             Frozen to death by an endoplasm (4 damage)
             ... on level 2 of the Dungeon.
             The game lasted 00:00:46 (1509 turns).

kae the Ruffian (Draconian Transmuter)              Turns: 1509, Time: 00:00:46

Health: -2/23      AC:  4    Str: 12    XL:     2   Next: 89%
Magic:  5/5        EV: 12    Int: 13    God:
Gold:   37         SH:  0    Dex: 11    Spells: 4/5 levels left

rFire   . . .      SeeInvis .     - Unarmed
rCold   . . .      Faith    .   (no shield)
rNeg    . . .      Spirit   .   (armour unavailable)
rPois   .          Reflect  .   (helmet restricted)
rElec   .          Harm     .   (no cloak)
rCorr   .          Rampage  .   (no gloves)
Will    .....                   (no boots)
Stlth   +.........              (no amulet)
HPRegen 0.07/turn               (no ring)
MPRegen 0.09/turn               (no ring)

@: slowed, very slow
A: AC +4, unfitting armour, cold-blooded
a: no special abilities


You were on level 2 of the Dungeon.
You visited 1 branch of the dungeon, and saw 2 of its levels.

You collected 37 gold pieces.

Inventory:

Jewellery
 e - a ring of protection from fire
Scrolls
 d - 2 scrolls of torment
Potions
 a - a potion of curing {unknown}
 f - a potion of flight {unknown}


   Skills:
 - Level 1.1 Fighting
 - Level 1.8 Dodging
 + Level 3.3 Unarmed Combat
 - Level 2.0 Spellcasting
 * Level 3.0 Transmutations


You had 4 spell levels left.
You knew the following spells:

 Your Spells              Type           Power      Damage    Failure   Level
a - Beastly Appendage     Tmut           18%        N/A       8%          1

Your spell library contained the following spells:

 Spells                   Type           Power      Damage    Failure   Level
 Wereblood                Tmut           9%         N/A       11%         2
 Spider Form              Tmut/Pois      2%         N/A       38%         3
 Ice Form                 Ice/Tmut       5%         N/A       80%         4


Dungeon Overview and Level Annotations

Branches:
Dungeon (2/15)

Altars:


Innate Abilities, Weirdness & Mutations

Your plain brown scales are hard. (AC +4)
You cannot fit into any form of body armour.
You are cold-blooded and may be slowed by cold attacks.


Message History

The quokka closely misses you.
You hit the quokka.
You kill the quokka!
The bat closely misses you. The frilled lizard bites you. The bat hits you.
You are too injured to fight recklessly!
You are too injured to fight recklessly!
You are too injured to fight recklessly!
You are too injured to fight recklessly!
You are too injured to fight recklessly!
You are too injured to fight recklessly!
You miss the frilled lizard. The bat closely misses you.
The frilled lizard barely misses you.
You closely miss the frilled lizard.
Your tail-slap misses the frilled lizard.
The bat barely misses you.
The frilled lizard bites you but does no damage.
You barely miss the frilled lizard. The bat barely misses you.
The endoplasm freezes you.
You are frozen.
You feel yourself slow down. The frilled lizard closely misses you.
You barely miss the frilled lizard. The bat barely misses you.
The endoplasm freezes you.
You are frozen.
You feel as though you will be slow longer.
The frilled lizard barely misses you. The endoplasm freezes you.
You are frozen.
* * * LOW HITPOINT WARNING * * *
You feel as though you will be slow longer.
The bat barely misses you.
The frilled lizard bites you but does no damage.
The bat closely misses you. The bat barely misses you.
The endoplasm freezes you.
You are frozen.
* * * LOW HITPOINT WARNING * * *
The bat barely misses you. The endoplasm freezes you.
You are frozen.
You die...

### ..## ... ##.#
..# ##.. #... .. .#
##.. #..#.. ..#
#..#####.#
##..#.##..#
#b.......# ....
....######l#.†#?.$#
#..#.........@J.#..#
.#
#..#..#..######.##.#
#<.......# #.......#
##.##.##.# #.##.##.#
#.......###.##.# ...
##.............#
.### #......##..#.##
#......##..#.#
#......##.....


You could see an endoplasm and a frilled lizard.

Vanquished Creatures
  5 bats
  An endoplasm (D:1)
  3 giant cockroaches
  3 goblins (D:1)
  3 hobgoblins
  3 quokkas
  A frilled lizard (D:1)
  A kobold (D:1)
  2 rats (D:1)
22 creatures vanquished.

Notes
Turn   | Place    | Note
-------+----------+-------------------------------------------
     0 | D:1      | kae the Draconian Transmuter began the quest for the Orb.
     0 | D:1      | Reached XP level 1. HP: 16/16 MP: 3/3
   368 | D:1      | Reached XP level 2. HP: 23/23 MP: 3/5
   671 | D:1      | Found a faded altar of an unknown god.
  1509 | D:2      | Frozen to death by an endoplasm

Illustrated notes

Levels and vault maps discovered:
D:1:      scummos_arrival_checkerplants, layout_basic,
          hellmonk_ecumenical_altar_heavens_door
D:2:      layout_loops_cross, minmay_pentomino_o4

Skill      XL: |  1  2 |
---------------+-------+-----
Transmutations | 3 |  3.0
Fighting       | |  1.1
Dodging        | |  1.8
Unarmed Combat | |  3.3
Spellcasting   | |  2.0

Action                   || total
-------------------------++-------
Melee: Unarmed           ||    69
       Kick              ||     7
       Headbutt          ||     3
       Tailslap          ||     2
       Punch             ||     1
 Cast: Beastly Appendage ||    15
  Use: Scroll            ||     4
Armor: Skin              ||    31
Dodge: Dodged            ||    76

Table legend: (Time is in decaauts)
 A = Elapsed time spent in this place.
 B = Non-inter-level travel time spent in this place.
 C = Inter-level travel time spent in this place.
 D = Time resting spent in this place.
 E = Time spent auto-exploring this place.
 F = Levels seen in this place.
 G = Mean time per level.
                   A        B        C        D        E       F      G
               +--------+--------+--------+--------+--------+-----+--------+
         Total |   1506 |   1473 |     33 |    109 |   1189 |   2 |  753.0 |
       Dungeon |   1506 |   1473 |     33 |    109 |   1189 |   2 |  753.0 |
               +--------+--------+--------+--------+--------+-----+--------+

Top non-repeatable levels by time:
     D:1: 1304 daAuts
     D:2: 201 daAuts
